cohdb
Replays
Latest Replays
All Replays
Popular Replays
Top Player Replays
Match Explorer
How It Works
Community
CoH3 Stats
Reddit
Sign in to upload your games and track your stats! →
Sign in with Steam
Match 43184211
Unlisted
Match 43184211
Overview
Messages
Build Orders
End
250 Light Carrier
Selects Armored Support Battlegroup
Panzergrenadier Squad
Panzergrenadier Squad
Construct Light Support Kompanie
Selects Superior Fire Drills
Combat Half-tracks
Construct Mechanized Kompanie
Panzerjäger Mechanized Group
Support Armor Elements
Selects Salvage Kits
Vehicle Survival Package
2.5-tonne Medical Truck
Emergency Repair Kits
Rapid Advance
Veteran Squad Leaders
Pak 38 Mechanized Group
StuG III D Assault Gun
arthur_wangtz
SlickBack Pimp
zidanehuang001
Bran
DrewP
Dillbro
0
0
Comments
sign in to comment!
No comments posted yet!